 Dungeon Crawl Stone Soup version 0.28-a0-8-g6e044cfa68 (webtiles) character file.

Game seed: 9835830243430497421

98 pokeman the Magician (level 4, 0/25 HPs)
             Began as a Deep Elf Hedge Wizard on July 23, 2021.
             Slain by a hound (2 damage)
             ... on level 3 of the Dungeon.
             The game lasted 00:05:22 (2696 turns).

pokeman the Magician (Deep Elf Hedge Wizard)        Turns: 2696, Time: 00:05:23

Health: 0/25       AC:  3    Str:  7    XL:     4   Next: 44%
Magic:  2/13       EV: 12    Int: 20    God:
Gold:   136        SH:  0    Dex: 14    Spells: 3/14 levels left

rFire   . . .      SeeInvis .   a - +0 dagger
rCold   . . .      Faith    .   (no shield)
rNeg    . . .      Spirit   .   r - +0 leather armour
rPois   .          Reflect  .   c - +0 hat
rElec   .          Harm     .   (no cloak)
rCorr   .          Rampage  .   (no gloves)
Will    .....                   (no boots)
Stlth   ++........              (no amulet)
HPRegen 0.08/turn               (no ring)
MPRegen 0.13/turn               (no ring)

@: no status effects
A: no striking features
a: no special abilities


You were on level 3 of the Dungeon.
You visited 1 branch of the dungeon, and saw 3 of its levels.

You collected 136 gold pieces.

Inventory:

Hand Weapons
 a - a +0 dagger (weapon)
 b - a +0 flail
Missiles
 l - 45 arrows
Armour
 c - a +0 hat (worn)
 r - a +0 leather armour (worn)
Magical Staves
 o - a staff of earth
Wands
 q - a wand of digging (7)
Scrolls
 d - 2 scrolls of fear {unknown}
 e - 4 scrolls of identify {unknown}
 g - a scroll of vulnerability {unknown}
 h - a scroll of amnesia {unknown}
 i - 2 scrolls of teleportation {unknown}
 n - a scroll of blinking {unknown}
 p - a scroll of torment {unknown}
Potions
 f - a potion of attraction {unknown}
 j - a potion of curing {unknown}
 k - a potion of resistance {unknown}
 m - a potion of flight {unknown}


   Skills:
 - Level 1.0 Fighting
 - Level 1.0 Armour
 + Level 2.7 Dodging
 - Level 2.4 Stealth
 * Level 5.7 Spellcasting
 + Level 2.2 Conjurations
 - Level 1.1 Summonings
 - Level 1.1 Translocations
 + Level 0.7 Fire Magic


You had 3 spell levels left.
You knew the following spells:

 Your Spells              Type           Power      Damage    Failure   Level
a - Magic Dart            Conj           56%        1d5       6%          1
b - Mephitic Cloud        Conj/Pois/Air  8%         N/A       34%         3
c - Call Imp              Summ           10%        N/A       16%         2
d - Blink                 Tloc           N/A        N/A       16%         2
e - Conjure Flame         Conj/Fire      11%        6-21      26%         3

Your spell library contained the following spells:

 Spells                   Type           Power      Damage    Failure   Level
 Sandblast                Erth           10%        2d5       16%         1
 Passwall                 Tmut/Erth      4%         N/A       24%         2
 Slow                     Hex            5%         N/A       24%         2
 Inner Flame              Hex/Fire       7%         N/A       38%         3
 Cause Fear               Hex            2%         N/A       83%         4
 Lee's Rapid Deconstruct  Erth           2%         3d6*      99%         5
 Discord                  Hex            2%         N/A       100%        8


Dungeon Overview and Level Annotations

Branches:
Dungeon (3/15)

Altars:


Message History

Your crimson imp says, "Let's cause disruption!"
The hound closely misses you.
Your crimson imp blinks!
Your crimson imp blinks!
The hound bites you.
* * * LOW HITPOINT WARNING * * *
Your crimson imp blinks!
The hound misses you.
Your crimson imp blinks!
Casting: Call Imp (safe; 16% risk of failure)
Confirm with . or Enter, or press ? or * to list all spells.
A beastly little devil appears in a puff of flame.
The hound bites you.
* * * LOW HITPOINT WARNING * * *
Unknown command.
The hound bites you but does no damage. The hound bites your crimson imp.
Your crimson imp blinks!
Your crimson imp misses the hound.
You hear the slow rusting of a very distant drain.
The hound closely misses your crimson imp. x2
Your crimson imp closely misses the hound.
The hound bites your crimson imp.
Your crimson imp blinks!
Your crimson imp barely misses the hound.
The hound barely misses your crimson imp.
Your crimson imp hits the hound but does no damage.
Your crimson imp blinks! 2 orcs and an orc priest come into view.
The orc shouts!
You hear a shout!
The orc shouts!
An orc comes into view. It is wielding a +0 whip.
The orc priest moves out of view.
The orc moves out of view.
Your crimson imp blinks!
The hound bites you but does no damage.
The orc priest shouts!
You hit the orc.
The orc is lightly wounded.
The hound bites you but does no damage. The orc barely misses you.
The hound bites you.
You die...

##.. ##. ...# .#
..# #..# .# #.#
o.# .# #.# .o.
.#######.# #o#
.#.....#.# #o#
.#.###.#.#######.#
.#.# #.....5...h@#
...###.#5#########
....h..#.#
....5....#
.........#
#.......##
##.....## ##...##
####.##


You could see a hound (ally target), an orc priest, 3 orcs and a friendly
crimson imp (summoned).

Vanquished Creatures
  3 adders (D:2)
  A worm (D:2)
  A dart slug (D:2)
  2 orcs (D:3)
  6 endoplasms
  4 goblins
  7 hobgoblins
  3 jackals (D:1)
  4 kobolds
  2 quokkas
  6 ball pythons
  6 bats
  12 frilled lizards
  6 rats
63 creatures vanquished.

Vanquished Creatures (others)
  10 plants (D:1)
10 creatures vanquished.

Grand Total: 73 creatures vanquished

Notes
Turn   | Place    | Note
-------+----------+-------------------------------------------
     0 | D:1      | pokeman the Deep Elf Hedge Wizard began the quest for the
                  | Orb.
     0 | D:1      | Reached XP level 1. HP: 10/10 MP: 7/7
   181 | D:1      | Reached XP level 2. HP: 16/16 MP: 4/9
   737 | D:1      | Reached skill level 5 in Spellcasting
  1190 | D:2      | Reached XP level 3. HP: 20/20 MP: 9/11
  1197 | D:2      | Learned a level 3 spell: Mephitic Cloud
  1200 | D:2      | Learned a level 2 spell: Call Imp
  1203 | D:2      | Learned a level 2 spell: Blink
  1207 | D:2      | Learned a level 3 spell: Conjure Flame
  1522 | D:2      | Reached skill level 1 in Fighting
  1750 | D:2      | Reached skill level 1 in Armour
  1870 | D:2      | Reached XP level 4. HP: 25/25 MP: 1/13
  2643 | D:3      | HP: 1/25 [orc (4)]
  2681 | D:3      | HP: 1/25 [hound (2)]
  2696 | D:3      | Slain by a hound

Illustrated notes

Levels and vault maps discovered:
D:1:      dpeg_arrival_tiny_d, layout_loops_ring, minmay_lizard_king
D:2:      layout_rooms, minmay_pentomino_q4
D:3:      layout_loops_ring, okawaru_altar_gauntlet_db, portal_sewer_entry_f,
          hellmonk_ecumenical_altar_blasted, grunt_decor_mini_mirrors

Skill      XL: |  1  2  3 |
---------------+----------+-----
Spellcasting   | 5 |  5.7
Fighting       | 1 |  1.0
Armour         | 1 |  1.0
Conjurations   | 2 |  2.2
Dodging        | |  2.7
Stealth        | |  2.4
Summonings     | |  1.1
Translocations | |  1.1
Fire Magic     | |  0.7

Action                   |  1- 3 |  4- 6 || total
-------------------------+-------+-------++-------
Melee: Dagger            |     7 |     9 ||    16
 Cast: Magic Dart        |   103 |    56 ||   159
       Conjure Flame     |     1 |       ||     1
       Mephitic Cloud    |     1 |       ||     1
       Call Imp          |       |     3 ||     3
 Stab: Confused          |     1 |       ||     1
Armor: Robe              |     1 |       ||     1
       Leather armour    |       |     6 ||     6
Dodge: Dodged            |    12 |    24 ||    36

Table legend: (Time is in decaauts)
 A = Elapsed time spent in this place.
 B = Non-inter-level travel time spent in this place.
 C = Inter-level travel time spent in this place.
 D = Time resting spent in this place.
 E = Time spent auto-exploring this place.
 F = Levels seen in this place.
 G = Mean time per level.
                   A        B        C        D        E       F      G
               +--------+--------+--------+--------+--------+-----+--------+
         Total |   2695 |   2671 |     24 |     85 |   2129 |   3 |  898.3 |
       Dungeon |   2695 |   2671 |     24 |     85 |   2129 |   3 |  898.3 |
               +--------+--------+--------+--------+--------+-----+--------+

Top non-repeatable levels by time:
     D:2: 1343 daAuts
     D:1: 1188 daAuts
     D:3: 163 daAuts
